 Dungeon Crawl Stone Soup version 0.19.5 (webtiles) character file.

133 Inchmeat the Slasher (level 4, 0/31 HPs)
             Began as a High Elf Monk on May 5, 2017.
             Succumbed to a worker ant's poison
             ... on level 4 of the Dungeon.
             The game lasted 00:08:31 (3523 turns).

Inchmeat the Slasher (High Elf Monk)                Turns: 3523, Time: 00:08:31

Health: 0/31       AC:  2    Str: 11    XL:     4   Next: 93%
Magic:  5/5        EV: 12    Int: 13    God:
Gold:   83         SH:  0    Dex: 18    Spells: 0 memorised, 3 levels left

rFire  . . .     SeeInvis .     a - +0 falchion
rCold  . . .     Gourm    .     b - +0 robe
rNeg   . . .     Faith    .     (no shield)
rPois  .         Spirit   .     (no helmet)
rElec  .         Reflect  .     (no cloak)
rCorr  .         Harm     .     (no gloves)
MR     .....                    (no boots)
Stlth  ++........               l - amulet of rage
                                (no ring)
                                (no ring)

@: lethally poisoned (0 -> -16), hasted, heavily drained, very quick
A: no striking features
a: Evoke Berserk Rage


You were on level 4 of the Dungeon.
You were not hungry.

You visited 1 branch of the dungeon, and saw 4 of its levels.

You collected 83 gold pieces.

Inventory:

Hand Weapons
 a - a +0 falchion (weapon)
Armour
 b - a +0 robe (worn)
Jewellery
 e - an uncursed amulet of harm
 l - an amulet of rage (around neck)
Scrolls
 j - a scroll of immolation {unknown}
Potions
 g - a potion of flight
 k - a potion of degeneration {unknown}
 m - a potion of brilliance {unknown}
Comestibles
 c - 2 bread rations
 d - 2 beef jerkies
 f - a royal jelly
 h - a slice of pizza


   Skills:
 - Level 3.0(0.6) Fighting
 * Level 6.3(3.7) Long Blades
 - Level 3.2(0.9) Dodging
 * Level 3.3(1.0) Stealth


You had 3 spell levels left.
You didn't know any spells.

Dungeon Overview and Level Annotations

Branches:
Dungeon (4/15)
 Temple: D:4-7

Altars:


Message History

The worker ant bites you. The worker ant completely misses you.
You closely miss the worker ant.
The worker ant is heavily wounded.
The worker ant barely misses you.
You riposte.
You closely miss the worker ant.
The worker ant is heavily wounded.
You hit the worker ant but do no damage.
The worker ant is heavily wounded.
The worker ant misses you.
You riposte.
You hit the worker ant.
The worker ant is severely wounded.
You hit the worker ant but do no damage.
The worker ant is severely wounded.
The worker ant bites you!
* * * LOW HITPOINT WARNING * * *
You are lethally poisoned!
The worker ant poisons you! The worker ant bites you.
* * * LOW HITPOINT WARNING * * *
You are more poisoned.
The worker ant poisons you!
It was a potion of haste.
You feel yourself speed up.
You die...

****************#######.#######**
#.#,,,,* ******** #.#,**,*
*,,,,,,* #.#,*#,#### *,****,*
#.#.##.#... *,****,* #.#.......(
*,*,,,,* #.####.#.#.
*****,*,*##############....#,#..<
,,,,,,,,,......a@.....#.##.#,####
*******,,..##.#######....#,#,,,,,
*,,,,,,,****#......#,******
*,,,,,,,,,,,#.##...#,#
*,,*,,,,,,,,#......#.#
**,,,,*,*,*#######..#.#
*,,,,,,,,,,...........#
*,*,***,*,*#######..#######*
*,*,,,,,*,** #.........,


You could see a worker ant.

Vanquished Creatures
  A howler monkey (D:4)
  5 adders
  A leopard gecko (D:1)
  8 orcs
  4 goblins
  5 hobgoblins
  6 jackals (D:1)
  A quokka (D:3)
  4 bats
  A frilled lizard (D:1)
  2 kobolds (D:1)
  A rat (D:1)
39 creatures vanquished.

Notes
Turn   | Place    | Note
-------+----------+-------------------------------------------
     0 | D:1      | Inchmeat the High Elf Monk began the quest for the Orb.
     0 | D:1      | Reached XP level 1. HP: 16/16 MP: 2/2
    99 | D:1      | Reached skill level 4 in Long Blades
   425 | D:1      | Reached XP level 2. HP: 18/21 MP: 3/3
   929 | D:1      | Reached XP level 3. HP: 16/26 MP: 4/4
  1497 | D:2      | Reached skill level 5 in Long Blades
  2483 | D:3      | Reached XP level 4. HP: 21/31 MP: 5/5
  2677 | D:3      | Noticed a phantom
  3107 | D:4      | Reached skill level 6 in Long Blades
  3523 | D:4      | Succumbed to a worker ant's poison

Skill      XL: |  1  2  3  4 |
---------------+-------------+-----
Long Blades    | 4 5 6 |  6.3
Stealth        | 3 |  3.3
Fighting       | |  3.0
Dodging        | |  3.2

Action                   |  1- 3 |  4- 6 || total
-------------------------+-------+-------++-------
Melee: Falchion          |    96 |    52 ||   148
  Use: Scroll            |     3 |     3 ||     6
       Potion            |       |     2 ||     2
 Stab: Sleeping          |     3 |       ||     3
  Eat: Chunk             |     5 |     3 ||     8
Armor: Robe              |    14 |     1 ||    15
Dodge: Dodged            |    83 |    42 ||   125
       Rpst.: Falchion   |    23 |    17 ||    40
